 Dungeon Crawl Stone Soup version 0.25-a0-179-g4c60e79 (webtiles) character file.

Game seed: 9362250699613685961, levelgen mode: deterministic

51957 Letos the Bludgeoner (level 15, -16/117 HPs)
             Began as a Formicid Fighter on Nov 26, 2019.
             Was the Champion of Okawaru.
             Splashed by an oklob plant's acid (19 damage)
             ... on level 2 of the Lair of Beasts.
             The game lasted 00:31:36 (17863 turns).

Letos the Bludgeoner (Formicid Fighter)            Turns: 17863, Time: 00:31:37

Health: -16/117    AC: -1    Str: 30    XL:     15   Next: 4%
Magic:  13/19      EV: 11    Int:  9    God:    Okawaru [******]
Gold:   1530       SH: 28    Dex: 10    Spells: 14/14 levels left

rFire    + + .     SeeInvis +   u - +9 great mace (flame)
rCold    + + .     Gourm    .   H - +1 large shield {rPois}
rNeg     + . .     Faith    .   e - +1 chain mail of Elitism {*Drain rF+ MR+++ SInv}
rPois    +         Spirit   .   (helmet unavailable)
rElec    +         Reflect  +   (no cloak)
rCorr    .         Harm     .   b - +0 pair of gloves
MR       ++++.                  p - +0 pair of boots
Stlth    ..........             F - +3 amulet of reflection
HPRegen  0.29/turn              N - ring "Ugoistre" {rElec rF+ rC++ rN+}
MPRegen  0.16/turn              d - +4 ring of strength

@: heroism, finesse, corroded, studying 2 skills
A: permanent stasis, dig shafts and tunnels, four strong arms, antennae 3
a: Dig, Shaft Self, Heroism, Finesse, Renounce Religion


You were on level 2 of the Lair of Beasts.
You worshipped Okawaru.
Okawaru was exalted by your worship.
You were not hungry.

You visited 3 branches of the dungeon, and saw 18 of its levels.
You also visited: Ice Cave.

You collected 1742 gold pieces.
You spent 212 gold pieces at shops.

Inventory:

Hand Weapons
 u - a +9 great mace of flaming (weapon)
Armour
 b - a +0 pair of gloves (worn)
 e - the +1 chain mail of Elitism (worn) {*Drain rF+ MR+++ SInv}
   (Okawaru gifted it to you on level 9 of the Dungeon)

   It protects you from fire.
   It affects your resistance to hostile enchantments.
   It lets you see invisible.
   It causes draining when unequipped.
 p - a +0 pair of boots (worn)
 H - a +1 large shield of poison resistance (worn)
 P - the +4 skin of Zhor {Hibernate rC+++ SInv}
   (You found it on level 15 of the Dungeon)

   It renders you almost immune to cold.
   It lets you see invisible.
Jewellery
 d - a +4 ring of strength (right hand)
 D - an uncursed ring of flight
 F - a +3 amulet of reflection (around neck)
 N - the ring "Ugoistre" (left hand) {rElec rF+ rC++ rN+}
   (You found it on level 15 of the Dungeon)

   [ring of positive energy]

   It protects you from fire.
   It greatly protects you from cold.
   It insulates you from electricity.
   It protects you from negative energy.
Wands
 c - a wand of iceblast (34)
 i - a wand of polymorph (8)
 t - a wand of scattershot (3)
 x - a wand of flame (35)
 y - a wand of acid (3)
 z - a wand of digging (5)
 C - a wand of random effects (53)
 L - a wand of paralysis (10)
Scrolls
 a - a scroll of fear
 g - 5 scrolls of immolation
 h - a scroll of enchant weapon
 j - a scroll of fog
 k - 5 scrolls of remove curse
 l - 3 scrolls of enchant armour
 m - a scroll of brand weapon
 r - a scroll of amnesia
 I - a scroll of magic mapping
 J - a scroll of vulnerability
Potions
 o - 3 potions of agility
 q - 2 potions of cancellation
 s - a potion of brilliance
 v - 3 potions of ambrosia
 w - 9 potions of curing
 E - 2 potions of flight
 G - a potion of resistance
 O - 2 potions of might
Books
 A - a manual of Ice Magic
 B - a manual of Axes
 K - a manual of Ice Magic
Comestibles
 f - 25 rations
 M - 5 chunks of flesh


   Skills:
 - Level 10.4(15.4) Fighting
 + Level 15.5(20.5) Maces & Flails
 + Level 11.9(16.9) Armour
 - Level 15.0(20.0) Shields
 + Level 6.0 Invocations


You had 14 spell levels left.
You didn't know any spells.
Your spell library contained the following spells:

 Spells                   Type           Power        Failure   Level  Hunger
 Animate Skeleton         Necr           N/A          77%         1    ##.....
 Apportation              Tloc           #.....       77%         1    ##.....
 Confusing Touch          Hex            #.....       77%         1    ##.....
 Magic Dart               Conj           #...         77%         1    ##.....
 Pain                     Necr           #...         77%         1    ##.....
 Sting                    Conj/Pois      #...         77%         1    ##.....
 Summon Small Mammal      Summ           #...         77%         1    ##.....
 Poisonous Vapours        Pois/Air       #.....       88%         2    ###....
 Searing Ray              Conj           #.....       88%         2    ###....
 Confuse                  Hex            #.......     98%         3    ####...
 Dazzling Spray           Conj/Hex       #.....       98%         3    ####...
 Gell's Gravitas          Tloc           #.........   98%         3    ####...
 Ignite Poison            Fire/Tmut/Pois #.......     98%         3    ####...
 Mephitic Cloud           Conj/Pois/Air  #.......     98%         3    ####...
 Recall                   Summ/Tloc      N/A          98%         3    ####...
 Regeneration             Chrm/Necr      #.........   98%         3    ####...
 Vampiric Draining        Necr           #.........   98%         3    ####...
 Animate Dead             Necr           N/A          100%        4    #####..
 Force Lance              Conj/Tloc      #.......     100%        4    #####..
 Fulminant Prism          Conj/Hex       #.........   100%        4    #####..
 Iskenderun's Mystic Bla  Conj           #.......     100%        4    #####..
 Olgreb's Toxic Radiance  Pois           #.......     100%        4    #####..
 Petrify                  Tmut/Erth      #.......     100%        4    #####..
 Borgnjor's Vile Clutch   Necr/Erth      #.........   100%        5    ######.
 Fireball                 Conj/Fire      #.........   100%        5    ######.
 Metabolic Englaciation   Hex/Ice        #.........   100%        5    ######.
 Venom Bolt               Conj/Pois      #.........   100%        5    ######.
 Yara's Violent Unravell  Hex/Tmut       #.........   100%        5    ######.
 Bolt of Fire             Conj/Fire      #.........   100%        6    #######
 Death Channel            Necr           #.........   100%        6    #######
 Simulacrum               Ice/Necr       #.........   100%        6    #######
 Ring of Flames           Chrm/Fire      #.........   100%        7    #######
 Ignition                 Fire           #.........   100%        8    #######


Dungeon Overview and Level Annotations

Branches:
Dungeon (15/15)            Temple (1/1) D:4            Lair (2/6) D:10
    Orc (0/2) D:9          Vaults (0/5) D:13         Depths (0/5) D:15
  IceCv (visited)
  Swamp: Lair:2-4    Shoals: Lair:2-4     Snake: Lair:2-4    Spider: Lair:2-4

Altars:
Ashenzari
Cheibriados
Dithmenos
Elyvilon
Fedhas
Gozag
Hepliaklqana
Kikubaaqudgha
Makhleb
Nemelex Xobeh
Okawaru
Qazlal
Ru
Sif Muna
Trog
Uskayaw
Vehumet
Wu Jian
Xom
Yredelemnul
Zin
The Shining One

Shops:
D:8 =   D:14 }   D:15 (

Annotations:
Lair:2 exclusion: 2 oklob plants


Innate Abilities, Weirdness & Mutations

You cannot be hasted, slowed, berserked, paralysed or teleported.
You can dig through walls and to a lower floor.
Your four strong arms can wield two-handed weapons with a shield.
You have a pair of large antennae on your head. (SInv)


Message History

The splash of acid hits the oklob plant.
The oklob plant completely resists.
You feel much better. The oklob plant spits acid at you.
The splash of acid hits you! The acid corrodes you!
You are splashed with acid!
You sock the oklob plant! You burn the oklob plant.
The oklob plant is almost destroyed.
You sock the oklob plant! You burn the oklob plant.
You destroy the oklob plant!
Okawaru accepts your kill. The oklob plant spits acid at you.
The splash of acid hits you!
* * * LOW HITPOINT WARNING * * *
The acid corrodes you!
You are splashed with acid!
* * * LOW HITPOINT WARNING * * *
The oklob plant spits acid at you. The splash of acid hits you!
* * * LOW HITPOINT WARNING * * *
You are splashed with acid!!
You die...

.. ..P##
..P#.#######
.....PPP$.(#
.............P.$.[?#
#............P(@...#
#..#.....#..P.?$$$#
#...P....#..P$..(%#
#..........##.####
#....$.### #.#
#P...PP# #.#
##....P.####.#
###...##....#..####
#.....######......#


You could see 2 oklob plants.

Vanquished Creatures
  Kirke (D:15)
  The ghost of Kutop the Zephyrmancer, a journeyman TeAE of Vehumet (D:13)
  3 hydras
  A yaktaur captain (D:15)
  8 vault guards (D:13)
  2 death knights (D:15)
  2 centaur warriors
  A dancing weapon (D:13)
  6 two-headed ogres
  A tengu warrior (D:15)
  The ghost of sokol815 the Carver, a novice OpFi of Dithmenos (D:9)
  2 unseen horrors (D:12)
  A necromancer (IceCv)
  An orc knight (D:15)
  7 ugly things
  An orc sorcerer (D:15)
  3 wolf spiders (D:15)
  4 cyclopes
  2 manticores
  2 oklob plants (Lair:2)
  A black mamba (shapeshifter) (D:15)
  An ice statue (IceCv)
  A gargoyle (D:15)
  2 spiny frogs (Lair:1)
  2 ice devils (Lair:1)
  3 komodo dragons
  2 kobold demonologists (D:14)
  11 freezing wraiths
  A tengu conjurer (D:15)
  3 meliai (D:11)
  A hornet (D:15)
  7 trolls
  A slime creature (D:15)
  A wolf spider simulacrum (IceCv)
  A hippogriff (Lair:1)
  2 shadows
  5 wraiths (D:15)
  A vampire (D:15)
  8 yaks
  5 wyverns
  A fire bat (shapeshifter) (D:15)
  2 hogs (D:15)
  A hungry ghost (D:12)
  4 vampire mosquitoes (D:15)
  A death yak simulacrum (IceCv)
  A water moccasin (D:9)
  An acid dragon (D:13)
  9 orc warriors
  2 black bears (D:6)
  8 ice beasts
  A sky beast (D:10)
  2 necrophages
  13 ogres
  3 phantoms
  A hornet zombie (D:10)
  4 wolves (Lair:1)
  6 centaurs
  5 crocodiles
  4 big kobolds
  2 gnoll sergeants (D:9)
  11 bullfrogs
  Blork the orc (D:5)
  A wyvern skeleton (D:12)
  4 scorpions
  7 killer bees
  An elephant simulacrum (IceCv)
  12 wights
  A howler monkey (D:13)
  A bullfrog zombie (D:8)
  2 draconian simulacra (IceCv)
  8 crimson imps
  2 quasits
  2 bullfrog skeletons
  5 hounds
  4 jellies
  7 orc priests
  3 centaur skeletons
  13 worker ants
  2 iguanas (D:11)
  12 orc wizards
  2 troll simulacra (IceCv)
  3 spriggan simulacra (IceCv)
  A wolf simulacrum (IceCv)
  4 centaur simulacra (IceCv)
  Robin (D:2)
  A worker ant zombie (D:5)
  7 gnolls
  4 naga simulacra (IceCv)
  18 adders
  5 ogre simulacra (IceCv)
  A shadow imp (D:15)
  12 white imps (IceCv)
  3 oozes
  An adder skeleton (D:5)
  3 worms (D:3)
  8 leopard geckos
  43 orcs
  5 giant cockroaches
  11 goblins
  7 hobgoblins
  4 jackals (D:8)
  12 kobolds
  3 quokkas
  5 bats
  5 frilled lizards
  A quokka skeleton (D:9)
  5 rats
454 creatures vanquished.

Vanquished Creatures (others)
  A centaur warrior (D:15)
  A cyclops (D:15)
  A human (D:15)
  A centaur (D:12)
  4 ball lightnings (D:13)
  An orc (D:15)
9 creatures vanquished.

Grand Total: 463 creatures vanquished

Notes
Turn   | Place    | Note
-------+----------+-------------------------------------------
     0 | D:1      | Letos the Formicid Fighter began the quest for the Orb.
     0 | D:1      | Reached XP level 1. HP: 18/18 MP: 1/1
    93 | D:1      | Reached XP level 2. HP: 21/24 MP: 2/2
   483 | D:1      | Reached XP level 3. HP: 26/30 MP: 3/3
  1123 | D:2      | Reached XP level 4. HP: 37/37 MP: 4/4
  1305 | D:2      | Noticed Robin
  1329 | D:2      | Killed Robin
  1911 | D:3      | Noticed an ice beast
  1923 | D:3      | Killed an ice beast
  1923 | D:3      | Reached XP level 5. HP: 6/43 MP: 5/5
  2126 | D:3      | Reached XP level 6. HP: 37/49 MP: 6/6
  2357 | D:3      | Found an ancient bone altar of Kikubaaqudgha.
  2398 | D:3      | Reached skill level 5 in Maces & Flails
  2717 | D:3      | Reached skill level 5 in Fighting
  2914 | D:4      | Found a staircase to the Ecumenical Temple.
  2922 | D:4      | Noticed a phantom
  2927 | Temple   | Entered the Ecumenical Temple
  3030 | D:4      | Killed a phantom
  3030 | D:4      | Reached XP level 7. HP: 40/56 MP: 7/7
  3238 | D:4      | Found a basalt altar of Yredelemnul.
  3464 | D:5      | Entered Level 5 of the Dungeon
  3801 | D:5      | Noticed Blork the orc
  3834 | D:5      | Killed Blork the orc
  4038 | D:5      | Reached XP level 8. HP: 37/63 MP: 8/8
  4400 | D:5      | Found a shadowy altar of Dithmenos.
  4412 | D:5      | Found a blossoming altar of Fedhas.
  4413 | D:5      | Found a white marble altar of Elyvilon.
  4414 | D:5      | Found a glowing golden altar of the Shining One.
  4414 | D:5      | Found an iron altar of Okawaru.
  4417 | D:5      | Found a shattered altar of Ashenzari.
  4419 | D:5      | Found a hide-covered altar of Uskayaw.
  4422 | D:5      | Became a worshipper of Warmaster Okawaru
  4688 | D:6      | Reached skill level 5 in Shields
  4787 | D:6      | Reached skill level 1 in Invocations
  5149 | D:6      | Reached * piety under Okawaru
  5181 | D:6      | Reached XP level 9. HP: 66/68 MP: 11/11
  5996 | D:7      | Reached ** piety under Okawaru
  6973 | D:8      | Reached skill level 10 in Maces & Flails
  7309 | D:8      | Noticed a cyan ugly thing
  7309 | D:8      | Noticed a komodo dragon
  7321 | D:8      | Killed a cyan ugly thing
  7321 | D:8      | Reached *** piety under Okawaru
  7321 | D:8      | Reached XP level 10. HP: 43/75 MP: 10/12
  7323 | D:8      | Killed a komodo dragon
  7500 | D:8      | Reached **** piety under Okawaru
  7968 | D:8      | Found Jogeil's Jewellery Shoppe.
  7973 | D:8      | Bought a cursed amulet of inaccuracy for 24 gold pieces
  7973 | D:8      | Bought a +3 amulet of reflection for 188 gold pieces
  8617 | D:9      | Found a transporter.
  8631 | D:9      | Noticed sokol815's ghost (novice OpFi)
  8631 | D:9      | Identified the cursed +1 great mace of the Battered Curses
                  | {elec, *Noise *Drain Str+5}
  8631 | D:9      | Noticed a two-headed ogre
  8633 | D:9      | Noticed a two-headed ogre
  8637 | D:9      | Found a transporter.
  8645 | D:9      | Killed a two-headed ogre
  8657 | D:9      | Killed a two-headed ogre
  8657 | D:9      | Reached ***** piety under Okawaru
  8657 | D:9      | Reached skill level 10 in Shields
  8664 | D:9      | Reached XP level 11. HP: 10/80 MP: 13/13
  8669 | D:9      | Killed sokol815's ghost
  9203 | D:9      | Received a gift from Okawaru
  9204 | D:9      | Got a pearl-studded chain mail {god gift}
  9215 | D:9      | Identified the +1 chain mail of Elitism {*Drain rF+ MR+++
                  | SInv} (Okawaru gifted it to you on level 9 of the Dungeon)
  9447 | D:9      | Found a staircase to the Orcish Mines.
  9481 | D:9      | Reached skill level 5 in Armour
  9540 | D:9      | Found a bloodstained altar of Trog.
  9920 | D:10     | Entered Level 10 of the Dungeon
 10038 | D:10     | Found a staircase to the Lair.
 10140 | D:10     | Noticed a two-headed ogre
 10145 | D:10     | Killed a two-headed ogre
 10846 | D:10     | Reached XP level 12. HP: 88/88 MP: 14/14
 10937 | D:11     | Noticed a two-headed ogre
 10946 | D:11     | Killed a two-headed ogre
 11058 | D:11     | Noticed an eight-headed hydra
 11062 | D:11     | Killed an eight-headed hydra
 11589 | D:11     | Received a gift from Okawaru
 11975 | D:12     | Found a burning altar of Makhleb.
 12092 | D:12     | Noticed an unseen horror
 12099 | D:12     | Killed an unseen horror
 12260 | D:12     | Noticed an unseen horror
 12273 | D:12     | Killed an unseen horror
 12857 | D:12     | You fall into a shaft and drop 2 floors!
 13396 | D:13     | Found a runed translucent door.
 13396 | D:13     | Found a shimmering altar of Xom.
 13396 | D:13     | Noticed a +4 demon blade of chaos
 13396 | D:13     | Noticed Kutop's ghost (journeyman TeAE)
 13424 | D:13     | Killed a +4 demon blade of chaos
 13437 | D:13     | Killed Kutop's ghost
 13437 | D:13     | Reached XP level 13. HP: 32/99 MP: 12/15
 13714 | D:13     | Noticed a vault guard
 13722 | D:13     | Killed a vault guard
 13741 | D:13     | Noticed a vault guard
 13751 | D:13     | Killed a vault guard
 13798 | D:13     | Noticed a vault guard
 13809 | D:13     | Killed a vault guard
 13892 | D:13     | Noticed a vault guard
 13894 | D:13     | Noticed a vault guard
 13903 | D:13     | Killed a vault guard
 13909 | D:13     | Killed a vault guard
 13909 | D:13     | Received a gift from Okawaru
 13930 | D:13     | Found a gate to the Vaults.
 14010 | D:13     | Noticed a vault guard
 14018 | D:13     | Killed a vault guard
 14335 | D:13     | Noticed a vault guard
 14346 | D:13     | Killed a vault guard
 14420 | D:14     | Noticed an eight-headed hydra
 14431 | D:14     | Killed an eight-headed hydra
 14437 | D:14     | Found Taiz's Gadget Boutique.
 14437 | D:14     | Noticed a centaur warrior
 14441 | D:14     | Killed a centaur warrior
 14441 | D:14     | Reached skill level 10 in Armour
 14887 | D:15     | Entered Level 15 of the Dungeon
 14970 | D:15     | Found the +4 skin of Zhor {Hibernate rC+++ SInv}
 14971 | D:15     | Noticed a five-headed hydra
 14999 | D:15     | Received a gift from Okawaru
 15003 | D:15     | Killed a five-headed hydra
 15015 | D:15     | Reached ****** piety under Okawaru
 15015 | D:15     | Reached XP level 14. HP: 48/109 MP: 13/16
 15256 | D:15     | Noticed Kirke
 15259 | D:15     | Found Xucuits's Antique Weapon Shop.
 15271 | D:15     | Killed Kirke
 15271 | D:15     | Reached skill level 10 in Fighting
 15684 | D:15     | Received a gift from Okawaru
 15685 | D:15     | Got a translucent longbow {god gift}
 15725 | D:15     | Reached skill level 15 in Maces & Flails
 15725 | D:15     | Reached skill level 15 in Shields
 15758 | D:15     | Got a scintillating gossamer ring
 15782 | D:15     | Identified the ring "Ugoistre" {rElec rF+ rC++ rN+} (You
                  | found it on level 15 of the Dungeon)
 15808 | D:15     | Found a radiant altar of Vehumet.
 15922 | D:15     | Found a staircase to the Depths.
 16322 | Lair:1   | Entered Level 1 of the Lair of Beasts
 16336 | Lair:1   | Found a frozen archway.
 16343 | IceCv    | Entered an ice cave
 16428 | IceCv    | Received a gift from Okawaru
 16436 | IceCv    | Got a jewelled flail {god gift}
 16562 | IceCv    | Reached skill level 5 in Invocations
 16704 | IceCv    | Found an ancient bone altar of Kikubaaqudgha.
 17752 | Lair:2   | Reached XP level 15. HP: 117/117 MP: 19/19
 17863 | Lair:2   | HP: 3/117 [oklob plant/splash of acid (11)]
 17863 | Lair:2   | Splashed by an oklob plant's acid

Levels and vault maps discovered:
D:1:      mainiacjoe_arrival_reflecting_pool, layout_loops_corners
D:2:      layout_basic, nrook_mini_vaults, uniq_robin
D:3:      layout_basic, overflow_temple_1_default, cheibrodos_sewer_entry_bend,
          first_ration, eino_tiny_chamber
D:4:      layout_rooms, nicolae_overflow_hidden_temple,
          minmay_temple_entry_ruins
D:5:      layout_basic, minitemple, grunt_decor_cap, uniq_blork_the_orc
D:6:      layout_loops_ring
D:7:      layout_loops_corners
D:8:      layout_basic, serial_shops, shop, minmay_manual_mandibuliform
D:9:      layout_loops_corners, kennysheep_orc_monster_closet_entryway,
          gammafunk_ghost_smash, bloody_trog
D:10:     layout_basic, lair_entry_dummy
D:11:     layout_roguey
D:12:     layout_irregular_city, basic_altar
D:13:     layout_loops_cross, erik_vaults_2, ebering_ghost_xom
D:14:     layout_cave_pools, serial_shops, nicolae_shop_crystal
D:15:     grunt_enter_depths_snipers, layout_cave_pools, serial_shops,
          nicolae_shop_overgrown_old_shop, lemuel_tele_altar, minivault_12,
          uniq_kirke
Temple:   nicolae_temple_god_jail
Lair:1:   layout_chaotic_city, portal_ice_cave_demonic_guard,
          infiniplex_staircase_pool, serial_bayou_shore_a
Lair:2:   layout_cave_pods, grunt_megastairs_2, minmay_lair_oklob_chamber

Skill      XL: |  1  2  3  4  5  6  7  8  9 10 11 12 13 14 15 |
---------------+----------------------------------------------+-----
Maces & Flails | 3 4 5 6 8 10 12 13 14 15 | 15.5
Fighting       | 4 5 6 8 9 10 | 10.4
Shields        | 4 6 8 10 12 14 15 | 15.0
Invocations    | 2 5 6 |  6.0
Armour         | 7 9 10 11 | 11.9

Action                   |  1- 3 |  4- 6 |  7- 9 | 10-12 | 13-15 || total
-------------------------+-------+-------+-------+-------+-------++-------
Melee: Flail             |    88 |   153 |   134 |       |       ||   375
       Dire flail        |       |       |   197 |   109 |       ||   306
       Great mace        |       |       |       |   326 |   426 ||   752
Invok: Heroism           |       |       |     2 |    12 |    14 ||    28
       Finesse           |       |       |       |       |     2 ||     2
 Abil: Dig               |       |     5 |    10 |     7 |    19 ||    41
Evoke: Wand              |       |       |       |       |     1 ||     1
  Use: Potion            |       |     2 |     1 |     3 |     2 ||     8
       Scroll            |       |    10 |     4 |     7 |    11 ||    32
 Stab: Invisible         |       |       |       |     3 |       ||     3
  Eat: Chunk             |     1 |     6 |    12 |    12 |     7 ||    38
       Ration            |       |       |     1 |     2 |     3 ||     6
Armor: Scale mail        |    32 |       |       |       |       ||    32
       Chain mail        |    35 |    92 |   125 |    99 |    64 ||   415
Dodge: Dodged            |    41 |    39 |    73 |    77 |    31 ||   261
Block: Shield            |       |       |    56 |   312 |     9 ||   377
       Reflection        |       |       |       |     3 |    22 ||    25
       Large shield      |       |       |       |       |   312 ||   312

Table legend:
 A = Non-vault XP
 B = Vault XP
 C = Vault XP percentage of total XP
 D = Non-vault monster count
 E = Vault monster count
 F = Vault count percentage of total count
                 A         B        C        D         E       F
            +---------+---------+-------+---------+---------+-------
      Total |   41027 |   33198 |  44.7 |     326 |     131 |  28.7
            +---------+---------+-------+---------+---------+-------
        D:1 |      36 |       0 |   0.0 |      17 |       0 |   0.0
        D:2 |      43 |      38 |  46.9 |      11 |      12 |  52.2
        D:3 |     280 |       5 |   1.8 |      21 |       1 |   4.5
        D:4 |     250 |       0 |   0.0 |       8 |       0 |   0.0
        D:5 |     488 |      81 |  14.2 |      12 |       1 |   7.7
        D:6 |    1539 |       0 |   0.0 |      31 |       0 |   0.0
        D:7 |     626 |       0 |   0.0 |      21 |       0 |   0.0
        D:8 |    1522 |     770 |  33.6 |      29 |       3 |   9.4
        D:9 |    1287 |    4560 |  78.0 |      20 |      25 |  55.6
       D:10 |    3970 |       0 |   0.0 |      28 |       0 |   0.0
       D:11 |    4757 |       0 |   0.0 |      20 |       0 |   0.0
       D:12 |    4171 |       0 |   0.0 |      27 |       0 |   0.0
       D:13 |    1820 |    9243 |  83.5 |       6 |      10 |  62.5
       D:14 |    3915 |       0 |   0.0 |      16 |       0 |   0.0
       D:15 |   13472 |    9578 |  41.6 |      44 |      17 |  27.9
     Lair:1 |    2851 |     696 |  19.6 |      15 |       2 |  11.8
     Lair:2 |       0 |    1738 | 100.0 |       0 |       6 | 100.0
      IceCv |       0 |    6489 | 100.0 |       0 |      54 | 100.0
            +---------+---------+-------+---------+---------+-------
